 Dungeon Crawl Stone Soup version 0.27-a0-1391-g48c30b3128 (webtiles) character file.

Game seed: 14686168544090481504

227 Bapho the Cudgeller (level 6, -1/37 HPs)
             Began as a Gargoyle Monk on July 1, 2021.
             Was a Believer of Okawaru.
             Slain by an ice beast (14 damage)
             ... on level 6 of the Dungeon.
             The game lasted 00:05:08 (4139 turns).

Bapho the Cudgeller (Gargoyle Monk)                 Turns: 4139, Time: 00:05:09

Health: -1/37      AC: 15    Str: 16    XL:     6   Next: 2%
Magic:  3/6        EV:  9    Int: 11    God:    Okawaru [**....]
Gold:   84         SH:  0    Dex: 12    Spells: 5/5 levels left

rFire    . . .     SeeInvis .   a - +0 mace
rCold    . . .     Faith    .   (no shield)
rNeg     + . .     Spirit   .   h - +0 chain mail
rPois    ∞         Reflect  .   (no helmet)
rElec    +         Harm     .   (no cloak)
rCorr    .         Rampage  .   (no gloves)
Will     .....                  (no boots)
Stlth    ..........             (no amulet)
HPRegen  0.12/turn              (no ring)
MPRegen  0.10/turn              (no ring)

@: heroic
A: sickness immunity, AC +4, negative energy resistance 1, electricity
resistance, torment resistance 1, petrification resistance
a: Renounce Religion, Heroism


You were on level 6 of the Dungeon.
You worshipped Okawaru.
Okawaru was pleased with you.
You visited 1 branch of the dungeon, and saw 4 of its levels.

You collected 84 gold pieces.

Inventory:

Hand Weapons
 a - a +0 mace (weapon)
Missiles
 c - 127 stones (quivered)
Armour
 h - a +0 chain mail (worn)
Scrolls
 d - a scroll of magic mapping {unknown}
 i - a scroll of amnesia {unknown}
 k - 2 scrolls of silence
 m - a scroll of blinking {unknown}
Potions
 b - 3 potions of curing
 e - a potion of heal wounds {unknown}
 g - 2 potions of flight
 j - 3 potions of mutation {unknown}
 l - a potion of magic {unknown}


   Skills:
 - Level 3.2(8.2) Fighting
 + Level 4.9(9.9) Maces & Flails
 + Level 2.9(7.9) Throwing
 + Level 2.2(7.2) Armour
 - Level 2.4(7.4) Dodging
 - Level 2.1(7.1) Stealth
 + Level 0.2 Invocations


You had 5 spell levels left.
You didn't know any spells.
Your spell library contained the following spells:

 Spells                   Type           Power      Damage    Failure   Level
 Animate Skeleton         Necr           0%         N/A       99%         1
 Pain                     Necr           0%         1d4       99%         1
 Vampiric Draining        Necr           0%         2d6       100%        3
 Animate Dead             Necr           0%         N/A       100%        4
 Agony                    Necr           0%         N/A       100%        5


Dungeon Overview and Level Annotations

Branches:
Dungeon (3/15)

Altars:
Okawaru


Innate Abilities, Weirdness & Mutations

You are immune to sickness and miasma.
Your stone body is resilient. (AC +4)
You are immune to poison.
You resist negative energy. (rN+)
You are resistant to electric shocks. (rElec)
You are resistant to unholy torment.
You are immune to petrification.


Message History

You start waiting.
Done waiting.
You start waiting.
Done waiting.
As you read the scroll labelled WOT SICEAXTE, it crumbles to dust.
It is a scroll of identify.
b - 4 potions of curing
As you read the scroll of identify, it crumbles to dust.
g - 2 potions of flight
j - 3 sapphire potions (gained 1)
An ice beast comes into view.
The ice beast moves out of view.
An ice beast is nearby!
You fail to use your ability.
Your chain mail prevents you from hitting the ice beast.
The ice beast hits you but does no damage.
You hit the ice beast but do no damage. The ice beast barely misses you.
You hit the ice beast but do no damage. The ice beast barely misses you.
You hit the ice beast but do no damage. The ice beast hits you.
The ice beast freezes you!
You gain the combat prowess of a mighty hero.
The ice beast barely misses you.
You hit the ice beast.
The ice beast is lightly wounded.
The ice beast hits you but does no damage.
You sock the ice beast!
The ice beast is heavily wounded.
The ice beast hits you. The ice beast freezes you.
You closely miss the ice beast.
The ice beast is heavily wounded.
The ice beast hits you.
* * * LOW HITPOINT WARNING * * *
The ice beast freezes you!
* * * LOW HITPOINT WARNING * * *
You feel like a meek peon again.
You feel better. The ice beast completely misses you.
Okay, then.
You gain the combat prowess of a mighty hero.
The ice beast hits you. The ice beast freezes you!
You die...

#### ####...## #.......##
#.###....# ###.#⌠#...##
#.#.###....#
###########.#......#
#...#.Y.##...##.#..#
#.###@#.##...##.....#
######.#...#.###..###....#
#......#####......## ....#
##......#####.......#
.....#
####..####.#...#.###..##
..#... #....### #.#.#.#.#
...# ..###. #......#
#...#...# .###
##.....############.
####.##........ #.


You could see an ice beast.

Vanquished Creatures
  An ice beast (D:3)
  A hound (D:6)
  2 adders
  A gnoll (D:2)
  3 worms (D:2)
  4 dart slugs
  6 endoplasms
  4 giant cockroaches
  5 goblins
  9 hobgoblins
  2 jackals (D:2)
  A kobold (D:3)
  2 quokkas (D:2)
  8 ball pythons
  6 bats (D:2)
  3 frilled lizards
  7 rats
65 creatures vanquished.

Notes
Turn   | Place    | Note
-------+----------+-------------------------------------------
     0 | D:1      | Bapho the Gargoyle Monk began the quest for the Orb.
     0 | D:1      | Reached XP level 1. HP: 14/14 MP: 1/1
   314 | D:1      | Reached XP level 2. HP: 14/19 MP: 2/2
   908 | D:1      | Reached XP level 3. HP: 23/23 MP: 3/3
  1071 | D:2      | Reached skill level 4 in Maces & Flails
  1178 | D:2      | Reached skill level 1 in Throwing
  1641 | D:2      | Reached XP level 4. HP: 28/28 MP: 4/4
  2421 | D:2      | Found an iron altar of Okawaru.
  2448 | D:2      | Became a worshipper of Warmaster Okawaru
  2448 | D:2      | Reached * piety under Okawaru
  2448 | D:2      | Reached ** piety under Okawaru
  2636 | D:2      | Reached skill level 1 in Armour
  2878 | D:3      | Noticed an ice beast
  2905 | D:3      | HP: 1/28 [ice beast (11)]
  2908 | D:3      | Killed an ice beast
  2909 | D:3      | Reached XP level 5. HP: 2/32 MP: 5/5
  3591 | D:3      | Found a faded altar of an unknown god.
  3726 | D:3      | You fall into a shaft and drop 3 floors!
  3738 | D:6      | Reached XP level 6. HP: 29/37 MP: 3/6
  4115 | D:6      | Noticed an ice beast
  4139 | D:6      | Slain by an ice beast

Illustrated notes

Levels and vault maps discovered:
D:1:      lemuel_arrival_behind_the_door_small, layout_loops_corners
D:2:      layout_basic, basic_altar, st_stairs_11, cheibrodos_gnoll_hut
D:3:      layout_basic, basic_ecumenical_altar, minmay_misc_feat_hallway,
          ebering_dispersal_statue_hall, minmay_misc_feat_x
D:6:      layout_cave_pools, serial_glass, glass_columns_b, glass_columns_c,
          glass_columns_b, glass_columns_a, glass_columns_b, glass_columns_a,
          glass_columns_a, glass_columns_a, minmay_strange_pillars,
          due_unseen_surprise, feat_on_display, bh_walls_and_bars

Skill      XL: |  1  2  3  4 |
---------------+-------------+-----
Maces & Flails | 4 |  4.9
Throwing       | 1 2 |  2.9
Armour         | 2 |  2.2
Fighting       | |  3.2
Dodging        | |  2.4
Stealth        | |  2.1
Invocations    | |  0.2

Action                   |  1- 3 |  4- 6 || total
-------------------------+-------+-------++-------
Melee: Mace              |    91 |    99 ||   190
       Punch             |       |     2 ||     2
Throw: Stone             |    76 |    73 ||   149
Invok: Heroism           |       |     5 ||     5
  Use: Scroll            |       |     3 ||     3
       Potion            |       |     1 ||     1
 Stab: Sleeping          |     1 |       ||     1
Armor: Chain mail        |    67 |    49 ||   116
       Robe              |     2 |       ||     2
       Leather armour    |     2 |       ||     2
Dodge: Dodged            |    41 |    24 ||    65

Table legend: (Time is in decaauts)
 A = Elapsed time spent in this place.
 B = Non-inter-level travel time spent in this place.
 C = Inter-level travel time spent in this place.
 D = Time resting spent in this place.
 E = Time spent auto-exploring this place.
 F = Levels seen in this place.
 G = Mean time per level.
                   A        B        C        D        E       F      G
               +--------+--------+--------+--------+--------+-----+--------+
         Total |   4173 |   4078 |     95 |    285 |   3244 |   4 | 1043.2 |
       Dungeon |   4173 |   4078 |     95 |    285 |   3244 |   4 | 1043.2 |
               +--------+--------+--------+--------+--------+-----+--------+

Top non-repeatable levels by time:
     D:2: 1731 daAuts
     D:1: 1068 daAuts
     D:3: 960 daAuts
     D:6: 412 daAuts
